 Dungeon Crawl Stone Soup version 0.19-a0-1920-g83281cb (webtiles) character file.

2562 Leibowitz the Sneak (level 9, -2/74 HPs)
             Began as a Demigod Gladiator on Oct 23, 2016.
             Slain by an orc warrior
             ... wielding a cursed +0 glaive
              (17 damage)
             ... on level 9 of the Dungeon.
             The game lasted 00:18:26 (7747 turns).

Leibowitz the Sneak (Demigod Gladiator)             Turns: 7747, Time: 00:18:27

Health: -2/74      AC: 10    Str: 22    XL:     9   Next: 10%
Magic:  11/11      EV: 16    Int: 12    God:
Gold:   545        SH:  0    Dex: 22    Spells: 0 memorised, 8 levels left

rFire  + . .     SeeInvis .     y - +3 short sword (elec)
rCold  . . .     Gourm    +     s - +3 leather armour
rNeg   + . .     Faith    .     (no shield)
rPois  .         Spirit   .     c - +0 helmet
rElec  .         Reflect  .     E - +0 cloak
rCorr  .         Harm     .     r - +0 pair of gloves
MR     .....                    (no boots)
Stlth  ++++......               t - amulet of the gourmand
                                o - ring of protection from fire
                                g - ring of positive energy

@: no status effects
A: rugged brown scales 1, agile 1, high mp 1, strong 1
a: no special abilities


You were on level 9 of the Dungeon.
You were very full.

You visited 2 branches of the dungeon, and saw 10 of its levels.

You collected 545 gold pieces.

Inventory:

Hand Weapons
 a - a +0 long sword
 b - a +0 blowgun
 y - a +3 short sword of electrocution (weapon)
Missiles
 d - 3 throwing nets (quivered)
 m - 7 curare-tipped needles
 w - 60 poisoned needles
Armour
 c - a +0 helmet (worn)
 r - a +0 pair of gloves (worn)
 s - a +3 leather armour (worn)
 E - a +0 cloak (worn)
Jewellery
 g - a ring of positive energy (left hand)
 l - an uncursed ring of resist corrosion
 o - a ring of protection from fire (right hand)
 t - an amulet of the gourmand (around neck)
Wands
 C - a wand of confusion (33/48)
 F - a wand of flame (18/48)
 H - a wand of iceblast (5/15)
Scrolls
 e - 2 scrolls of enchant weapon
 h - 4 scrolls of identify
 i - a scroll of amnesia
 j - 3 scrolls of teleportation
 u - 4 scrolls of remove curse
Potions
 p - a potion of mutation
 v - 2 potions of haste
 x - 2 potions of might
 z - a potion of lignification
 A - 2 potions of cancellation
 D - a potion of curing
Books
 n - a book of Changes

   Spells                             Type                      Level
   a - Beastly Appendage              Transmutation                1
   b - Sticks to Snakes               Transmutation                2
   c - Spider Form                    Transmutation/Poison         3
   d - Ice Form                       Ice/Transmutation            4
   e - Blade Hands                    Transmutation                5
 I - a Necronomicon

   Spells                             Type                      Level
   a - Haunt                          Necromancy/Summoning         7
   b - Borgnjor's Revivification      Necromancy                   8
   c - Death's Door                   Charms/Necromancy            8
   d - Infestation                    Necromancy                   8
   e - Necromutation                  Transmutation/Necromancy     8
Comestibles
 f - 7 bread rations
 k - 3 slices of pizza
 q - 4 beef jerkies
 G - 2 meat rations


   Skills:
 + Level 4.4 Fighting
 + Level 6.2(6.7) Short Blades
 + Level 3.5(5.4) Long Blades
 + Level 1.7 Throwing
 + Level 3.5 Armour
 + Level 4.9 Dodging
 + Level 6.6 Stealth


You had 8 spell levels left.
You didn't know any spells.

Dungeon Overview and Level Annotations

Branches:
Dungeon (9/15)             Temple (1/1) D:6
   Lair: D:8-11         Orc: D:9-12

Shops:
D:7 %


Innate Abilities, Weirdness & Mutations

You have an increased reservoir of magic. (+10% MP)
You are partially covered in rugged brown scales. (AC +1, +3% HP)
You are agile. (Dex +2)
Your muscles are strong. (Str +2)


Message History

You hit the orc warrior but do no damage.
The orc warrior is lightly wounded.
The orc warrior misses you.
You hit the orc warrior but do no damage.
The orc warrior is lightly wounded.
The orc wizard points at you and mumbles some strange words.
The magic dart hits you!
The orc wizard hits you but does no damage.
You closely miss the orc warrior.
The orc warrior is lightly wounded.
The orc warrior hits you with a glaive!!
* * * LOW HITPOINT WARNING * * *
The orc wizard gestures wildly while chanting.
The orc wizard blinks!
The orc wizard casts a spell.
The orc wizard blinks!
You closely miss the orc warrior.
The orc warrior is lightly wounded.
The orc warrior hits you with a glaive!
You die...

#..........#
###+#.....## #.....#
#.....# #.....#
#.....###########+##
###....o............
#.......o.§.......
#........§@o......
#.................
#.................
#.................
###############...
.. .


You could see an orc warrior and 2 orc wizards.

Vanquished Creatures
  2 ice beasts
  2 phantoms
  A necrophage (D:8)
  2 ogres
  2 centaurs
  8 bullfrogs
  A scorpion (D:4)
  A howler monkey (D:6)
  2 centaur zombies
  A quasit (D:8)
  5 hounds
  A bullfrog skeleton (D:4)
  6 orc priests
  A centaur skeleton (D:5)
  2 iguanas
  A worker ant (D:8)
  8 orc wizards
  Terence (D:2)
  A hound zombie (D:7)
  A hound skeleton (D:5)
  A worker ant zombie (D:7)
  7 gnolls
  A howler monkey skeleton (D:9)
  13 adders
  3 adder skeletons
  3 dart slugs
  6 worms
  5 leopard geckos
  26 orcs
  2 giant cockroaches
  8 goblins
  8 hobgoblins
  4 jackals
  11 kobolds
  4 quokkas
  2 ball pythons
  A ball python skeleton (D:4)
  8 bats
  5 frilled lizards
  A giant cockroach zombie (D:6)
  A jackal zombie (D:7)
  2 quokka zombies
  5 rats
176 creatures vanquished.

Notes
Turn   | Place    | Note
-------+----------+-------------------------------------------
     0 | D:1      | Leibowitz the Demigod Gladiator began the quest for the Orb.
     0 | D:1      | Reached XP level 1. HP: 17/17 MP: 3/3
   376 | D:1      | Reached XP level 2. HP: 19/24 MP: 4/4
  1080 | D:1      | Reached XP level 3. HP: 29/29 MP: 5/5
  1539 | D:2      | Noticed Terence
  1540 | D:2      | Found a faded altar of an unknown god.
  1546 | D:2      | Killed Terence
  1546 | D:2      | Reached skill level 1 in Armour
  1601 | D:2      | Reached skill level 1 in Stealth
  1677 | D:2      | Reached XP level 4. HP: 20/36 MP: 6/6
  2338 | D:2      | Reached skill level 1 in Short Blades
  2737 | D:3      | Reached XP level 5. HP: 35/42 MP: 7/7
  2787 | D:3      | Noticed an ogre
  2794 | D:3      | Killed an ogre
  3077 | D:3      | Reached XP level 6. HP: 22/50 MP: 8/8
  3113 | D:3      | Found a burning altar of Makhleb.
  3984 | D:4      | Reached XP level 7. HP: 56/57 MP: 9/9
  4554 | D:5      | Entered Level 5 of the Dungeon
  5604 | D:6      | Reached XP level 8. HP: 54/66 MP: 10/10
  5667 | D:6      | Found a burning altar of Makhleb.
  5672 | D:6      | Reached skill level 5 in Stealth
  5711 | D:6      | Reached skill level 5 in Short Blades
  5845 | D:6      | Found a staircase to the Ecumenical Temple.
  6061 | Temple   | Entered the Ecumenical Temple
  6284 | D:7      | Found Siriemiq's Food Shop.
  6780 | D:7      | Found a hazy altar of Hepliaklqana.
  6787 | D:7      | Gained mutation: Your muscles are strong. (Str +2) [potion of mutation]
  6787 | D:7      | Gained mutation: You are agile. (Dex +2) [potion of mutation]
  6787 | D:7      | Gained mutation: You are partially covered in rugged brown scales. (AC +1, +3% HP) [potion of mutation]
  6824 | D:8      | Found a white marble altar of Elyvilon.
  6825 | D:8      | Found an ancient bone altar of Kikubaaqudgha.
  7563 | D:8      | Reached XP level 9. HP: 69/74 MP: 11/11
  7747 | D:9      | Slain by an orc warrior

Vault maps used:
D:1:      dpeg_arrival_rhombi, glass_columns_b, minmay_hexomino_c4
D:2:      first_bread, ecumenical_altar_1, uniq_terence
D:3:      bloody_makhleb
D:5:      minmay_misc_feat_plants, minmay_splitting_lines
D:6:      basic_altar
D:7:      overflow_temple_1_default, serial_shops, shop_fountains
D:8:      gammafunk_temple_overflow_pools
Temple:   dpeg_five_rooms_temple

Skill      XL: |  1  2  3  4  5  6  7  8 |
---------------+-------------------------+-----
Dodging        | 3 4 |  4.9
Long Blades    | 3 |  3.5
Fighting       | 2 3 4 |  4.4
Armour         | 1 2 3 |  3.5
Stealth        | 1 2 4 6 |  6.6
Short Blades   | 1 2 3 4 6 |  6.2
Throwing       | |  1.7

Action                   |  1- 3 |  4- 6 |  7- 9 || total
-------------------------+-------+-------+-------++-------
Melee: Long sword        |    38 |       |    43 ||    81
       Short sword       |    66 |   172 |   215 ||   453
Evoke: Wand              |       |       |     1 ||     1
  Use: Potion            |       |     3 |     2 ||     5
       Scroll            |       |       |    12 ||    12
 Stab: Sleeping          |     3 |     5 |    19 ||    27
       Distracted        |       |     1 |       ||     1
  Eat: Chunk             |     2 |    21 |    12 ||    35
Armor: Leather armour    |    25 |    24 |    60 ||   109
Dodge: Dodged            |    92 |   103 |   153 ||   348
       Rpst.: Long sword |    13 |       |     7 ||    20
